 Dungeon Crawl Stone Soup version 0.31.0-11-ge490571c62 (webtiles) character file.

Game seed: 8574689175358823621

2653 LobsterGuardian the Covered (level 9, -13/78 HPs)
             Began as a Hill Orc Wanderer on Feb 2, 2024.
             Was a Follower of Beogh.
             Mangled by a tentacled starspawn (19 damage)
             ... on level 2 of the Abyss.
             The game lasted 00:28:29 (7781 turns).

LobsterGuardian the Covered (Hill Orc Wanderer)     Turns: 7781, Time: 00:28:29

Health: -13/78     AC:  9    Str: 13    XL:     9   Next: 62%
Magic:  10/10      EV:  8    Int: 10    God:    Beogh [*.....]
Gold:   443        SH:  0    Dex: 18    Spells: 8/8 levels left

rFire   + . .        u - +0 falchion (protect)
rCold   . . .        (no shield)
rNeg    . . .        l - +0 scale mail
rPois   +            (helmet restricted)
rElec   .            c - +0 cloak
rCorr   .            (no gloves)
SInv    +            (no boots)
Will    .....        w - amulet of regeneration
Stlth   +            i - ring of poison resistance
HPRegen 1.13/turn    g - ring of protection from fire
MPRegen 0.12/turn

%: no passive effects
@: weak-willed, enlightened, flying, constricted
A: beak, hooves 1
a: Renounce Religion


You were on level 2 of the Abyss.
You worshipped Beogh.
Beogh was aware of your devotion.
You visited 2 branches of the dungeon, and saw 10 of its levels.
You visited the Abyss 1 time.

You collected 443 gold pieces.

Inventory:

Hand Weapons
 m - a +1 dagger of venom
 u - a +0 falchion of protection (weapon)
Armour
 c - a +0 cloak (worn)
 l - a +0 scale mail (worn)
Jewellery
 g - a ring of protection from fire (right hand)
 i - a ring of poison resistance (left hand)
 n - a ring of magical power
 p - an amulet of reflection
 w - an amulet of regeneration (around neck)
 x - a ring of resist corrosion
Wands
 d - a wand of charming (8)
 t - a wand of iceblast (8)
Scrolls
 b - a scroll of noise {unknown}
 e - a scroll of summoning {unknown}
 f - a scroll of immolation
 h - a scroll of revelation
 r - a scroll of enchant armour
 v - a scroll of vulnerability
 y - a scroll of identify
Potions
 a - a potion of resistance
 k - 5 potions of brilliance
 q - a potion of lignification
 z - a potion of attraction


   Skills:
 + Level 6.5 Fighting
 - Level 6.5(7.6) Short Blades
 * Level 6.7(8.2) Long Blades
 - Level 3.2 Maces & Flails
 - Level 1.0 Throwing
 + Level 7.1 Armour
 + Level 3.6 Dodging
 - Level 1.0 Stealth
 - Level 2.0 Invocations


You had 8 spell levels left.
You didn't know any spells.
Your spell library contained the following spells:

 Spells                   Type           Power      Damage    Failure   Level
 Sandblast                Erth           0%         2d4       82%         1
 Lesser Beckoning         Tloc           0%         N/A       91%         2
 Fugue of the Fallen      Necr           0%         N/A       99%         3
 Gell's Gravitas          Tloc           0%         N/A       99%         3
 Ozocubu's Armour         Ice            0%         N/A       99%         3
 Passwall                 Erth           0%         N/A       99%         3
 Stone Arrow              Conj/Erth      0%         3d7       99%         3
 Teleport Other           Tloc           0%         N/A       99%         3
 Brom's Barrelling Bould  Conj/Erth      0%         2d3       100%        4
 Manifold Assault         Tloc           0%         N/A       100%        4


Dungeon Overview and Level Annotations

Branches:
Dungeon (9/15)             Temple (1/1) D:4             Orc (0/2) D:9
   Lair: D:8-11

Altars:
Ashenzari
Cheibriados
Dithmenos
Elyvilon
Fedhas
Gozag
Hepliaklqana
Kikubaaqudgha
Makhleb
Nemelex Xobeh
Okawaru
Qazlal
Ru
Sif Muna
Trog
Uskayaw
Vehumet
Wu Jian
Xom
Yredelemnul
Zin
The Shining One
Beogh

Annotations:
D:4 Dowan, Duvessa
D:9 Erolcha


Innate Abilities, Weirdness & Mutations

You have a beak for a mouth.
You have large cloven feet.


Message History

The large abomination hits you! The worldbinder barely misses you.
The worldbinder hits you but does no damage.
A chorus of shrieks assaults your mind.
* * * LOW HITPOINT WARNING * * *
A spatial vortex comes into view.
Unknown command.
Unknown command.
As you read the scroll labelled ZOP QAYMAR, it crumbles to dust.
A wave of despondency washes over your surroundings.
It was a scroll of vulnerability.
The ufetubus hits you but does no damage. x2
The spatial maelstrom hits you but does no damage. x2
A starcursed mass splits.
A tentacle flies out from the starspawn's body!
The starspawn tentacle constricts you.
The worldbinder hits you but does no damage.
The worldbinder barely misses you.
The tentacled starspawn barely misses you. x2
The large abomination hits you but does no damage.
The ufetubus closely misses you. The ufetubus barely misses you.
A starspawn tentacle comes into view.
Unknown command.
Unknown command.
As you read the scroll labelled WOTZES BISMUGGETA, it crumbles to dust.
You feel momentarily disoriented.
It was a scroll of revelation.
A starspawn tentacle comes into view.
The spatial maelstrom hits you but does no damage.
The spatial maelstrom barely misses you.
The worldbinder hits you.
* * * LOW HITPOINT WARNING * * *
The worldbinder hits you.
* * * LOW HITPOINT WARNING * * *
The ufetubus hits you but does no damage.
The ufetubus barely misses you.
A deafening chorus of shrieks assaults your mind!
* * * LOW HITPOINT WARNING * * *
The starspawn tentacle constricts you.
* * * LOW HITPOINT WARNING * * *
The tentacled starspawn bites you!!
You die...

. #./ #..## .## ##.
.##..##..##..## .##..
#. ..................
x.. X
....v..X.............
.##..##X5##..##..#
.##.
.##.X##XX##..##..
#..##
.......──355........
. ...v..w5w>5..#####
. # ..#vwXv@X##.§#. 3
# 8 ..#.w##xX##..#.
.. .##...#zX5..##.
#..##.###...#..
..#..########..
#.#.....##.....
##.#.##.#.#....
.#.#..#...###..


You could see 5 starcursed masses, 2 tentacled starspawn, a spatial maelstrom, a
skeletal warrior (summoned, weak-willed), 3 spatial vortices, 2 large
abominations, a worldbinder (weak-willed), a ynoxinul (weak-willed), 4 starspawn
tentacles and 6 ufetubi.

Vanquished Creatures
  Grinder (D:6)
  A steam dragon (D:9)
  3 orc warriors
  4 ice beasts
  2 black bears
  A phantom (D:5)
  A centaur (D:9)
  3 bullfrogs
  A scorpion (D:5)
  5 killer bees (D:8)
  4 howler monkeys
  A bombardier beetle (D:6)
  4 hounds
  2 orc priests (D:8)
  3 iguanas
  3 jellies
  Ijyb (D:3)
  6 orc wizards
  Robin (D:3)
  10 adders
  A white imp (D:7)
  2 dart slugs
  3 ribbon worms (D:2)
  13 orcs
  7 bats
  8 endoplasms
  3 giant cockroaches
  9 goblins
  11 hobgoblins
  4 jackals (D:1)
  3 quokkas
  2 ball pythons
  3 frilled lizards
  6 kobolds
  4 rats
136 creatures vanquished.

Vanquished Creatures (others)
  2 starspawn tentacles (Abyss:2)
2 creatures vanquished.

Grand Total: 138 creatures vanquished

Notes
Turn   | Place    | Note
-------+----------+-------------------------------------------
     0 | D:1      | LobsterGuardian the Hill Orc Wanderer began the quest for
                  | the Orb.
     0 | D:1      | LobsterGuardian set off with the following items: a +2
                  | short sword, a +0 mace, a +0 cloak, a potion of might, a +0
                  | leather armour.
     0 | D:1      | Reached XP level 1. HP: 14/14 MP: 1/1
   168 | D:1      | Reached XP level 2. HP: 19/20 MP: 2/2
   336 | D:1      | Found a roughly hewn altar of Beogh.
   362 | D:1      | Reached XP level 3. HP: 18/27 MP: 3/3
   729 | D:1      | Found a faded altar of an unknown god.
   928 | D:1      | Reached skill level 1 in Fighting
  1758 | D:2      | Reached skill level 1 in Armour
  1758 | D:2      | Reached skill level 1 in Dodging
  1758 | D:2      | Reached XP level 4. HP: 35/35 MP: 4/4
  1875 | D:2      | Reached skill level 5 in Short Blades
  2666 | D:3      | Noticed Ijyb
  2666 | D:3      | Noticed Robin
  2691 | D:3      | Killed Ijyb
  2706 | D:3      | Killed Robin
  2707 | D:3      | Reached XP level 5. HP: 23/41 MP: 5/5
  2854 | D:3      | Found an opulent altar of Gozag.
  3265 | D:4      | Reached skill level 2 in Armour
  3385 | D:4      | Reached XP level 6. HP: 24/51 MP: 6/6
  3623 | D:4      | Found a staircase to the Ecumenical Temple.
  3634 | Temple   | Entered the Ecumenical Temple
  3817 | D:4      | Reached skill level 3 in Armour
  3982 | D:4      | Noticed Duvessa
  3982 | D:4      | Noticed Dowan
  4002 | D:5      | Entered Level 5 of the Dungeon
  4003 | D:5      | Became a worshipper of Beogh the Brigand
  4412 | D:5      | Reached XP level 7. HP: 36/59 MP: 7/7
  4923 | D:5      | Reached skill level 4 in Armour
  5438 | D:6      | Reached XP level 8. HP: 67/67 MP: 9/9
  5455 | D:6      | Reached skill level 5 in Armour
  5455 | D:6      | Noticed Grinder
  5461 | D:6      | Reached skill level 5 in Fighting
  5469 | D:6      | Paralysed by Grinder for 3 turns
  5486 | D:6      | Killed Grinder
  5813 | D:7      | Gained mutation: You have a beak for a mouth. [potion of
                  | mutation]
  5813 | D:7      | Gained mutation: Your natural rate of healing is unusually
                  | fast. [potion of mutation]
  5813 | D:7      | Lost mutation: Your natural rate of healing is unusually
                  | fast. [potion of mutation]
  5813 | D:7      | Gained mutation: You have large cloven feet. [potion of
                  | mutation]
  5924 | D:7      | Reached skill level 1 in Long Blades
  5928 | D:7      | Reached skill level 6 in Armour
  6603 | D:8      | Reached XP level 9. HP: 36/75 MP: 10/10
  6973 | D:8      | Reached skill level 5 in Long Blades
  6983 | D:8      | Reached * piety under Beogh
  7069 | D:8      | Found a glowing silver altar of Zin.
  7395 | D:9      | Reached skill level 7 in Armour
  7707 | D:9      | Found a staircase to the Orcish Mines.
  7708 | D:9      | Noticed Erolcha
  7714 | Abyss:2  | Cast into level 2 of the Abyss (Erolcha)
  7737 | Abyss:2  | Noticed a large abomination
  7754 | Abyss:2  | Noticed a large abomination
  7754 | Abyss:2  | Noticed a worldbinder
  7759 | Abyss:2  | Noticed a tentacled starspawn
  7769 | Abyss:2  | Noticed a skeletal warrior
  7769 | Abyss:2  | Noticed a skeletal warrior
  7772 | Abyss:2  | Noticed a spatial maelstrom
  7773 | Abyss:2  | Noticed a starcursed mass
  7777 | Abyss:2  | Noticed a skeletal warrior
  7779 | Abyss:2  | Noticed a tentacled starspawn
  7781 | Abyss:2  | Mangled by a tentacled starspawn

Illustrated notes

Levels and vault maps discovered:
D:1:      dpeg_arrival_three_same_balls, layout_basic,
          hellmonk_ecumenical_altar_defaced_shrine
D:2:      layout_basic, serial_forest, infiniplex_forest_straight_4,
          infiniplex_forest_lined_room_, infiniplex_forest_lined_1,
          infiniplex_forest_lined_corner, infiniplex_forest_clump_curved,
          infiniplex_forest_straight_5, infiniplex_forest_lined_ring,
          infiniplex_forest_end_double, infiniplex_forest_lined_2
D:3:      layout_basic, grunt_gozag_breadcrumbs, nicolae_goblin_pals
D:4:      dreamdust_elfheim, layout_cave_pools,
          minmay_temple_entry_stoned_glass, minmay_stone_trees_medium,
          minmay_starry_boxes
D:5:      layout_loops_corners
D:6:      layout_rooms, uniq_grinder
D:7:      layout_basic
D:8:      layout_basic, zin_statuary
D:9:      layout_gridville, serial_glass, glass_columns_a, glass_columns_a,
          item_on_display_a, item_on_display_a, due_unseen_surprise,
          minmay_misc_feat_cross, statue_in_the_mist_lemuel, uniq_erolcha
Temple:   mainiacjoe_temple_big_plus
Abyss:2:  base:
D:3

Skill      XL: |  1  2  3  4  5  6  7  8  9 |
---------------+----------------------------+-----
Fighting       | 1 2 3 4 5 6 |  6.5
Armour         | 1 2 3 4 6 7 |  7.1
Dodging        | 1 2 3 |  3.6
Short Blades   | 5 6 |  6.5
Invocations    | 2 |  2.0
Long Blades    | 3 6 |  6.7
Maces & Flails | |  3.2
Throwing       | |  1.0
Stealth        | |  1.0

Action                     |  1- 3 |  4- 6 |  7- 9 || total
---------------------------+-------+-------+-------++-------
  Melee: Short sword       |   152 |   114 |       ||   266
         Dagger            |       |   125 |    47 ||   172
         Punch             |       |     4 |     5 ||     9
         Falchion          |       |       |   299 ||   299
         Kick              |       |       |    83 ||    83
         Peck              |       |       |    49 ||    49
 Invoke: Convert to Beogh  |       |     1 |       ||     1
  Evoke: Wand              |       |     2 |     4 ||     6
    Use: Scroll            |     1 |     7 |    10 ||    18
         Potion            |     1 |     2 |    11 ||    14
   Stab: Sleeping          |     2 |       |       ||     2
 Armour: Leather armour    |    74 |       |       ||    74
         Scale mail        |    11 |   104 |   331 ||   446
  Dodge: Dodged            |    88 |    68 |   178 ||   334
  Block: Other             |       |     3 |    16 ||    19
         Reflection        |       |     1 |       ||     1
